 Dungeon Crawl Stone Soup version 0.31.0-11-ge490571c62 (webtiles) character file.

Game seed: 10960151356030521955

155 mopl the Caller (level 5, -3/28 HPs)
             Began as a Tengu Summoner on Feb 7, 2024.
             Slain by a black bear (7 damage)
             ... on level 4 of the Dungeon.
             The game lasted 00:03:44 (2013 turns).

mopl the Caller (Tengu Summoner)                    Turns: 2013, Time: 00:03:44

Health: -3/28      AC:  2    Str:  8    XL:     5   Next: 37%
Magic:  7/11       EV: 12    Int: 18    God:
Gold:   124        SH:  0    Dex: 14    Spells: 5/11 levels left

rFire   . . .        n - +0 halberd
rCold   . . .        (shield currently unavailable)
rNeg    . . .        a - +0 robe
rPois   .            (helmet restricted)
rElec   .            (no cloak)
rCorr   .            (no gloves)
SInv    .            (boots unavailable)
Will    .....        p - amulet of regeneration
Stlth   ++           (no ring)
HPRegen 1.04/turn    (no ring)
MPRegen 0.12/turn

%: acrobat
@: inugami summoned
A: beak, talons 3, acrobatic
a: no special abilities


You were on level 4 of the Dungeon.
You visited 1 branch of the dungeon, and saw 4 of its levels.

You collected 124 gold pieces.

Inventory:

Hand Weapons
 j - a +0 dagger
 n - a +0 halberd (weapon)
 u - a +0 trident
Missiles
 m - 6 poisoned darts
Armour
 a - a +0 robe (worn)
Jewellery
 i - a ring of ice
 p - an amulet of regeneration (around neck)
Scrolls
 e - 2 scrolls of enchant weapon {unknown}
 f - 2 scrolls of teleportation
 h - 2 scrolls of poison
 k - 2 scrolls of identify {unknown}
 o - a scroll of torment {unknown}
 q - 2 scrolls of vulnerability {unknown}
Potions
 b - 2 potions of magic
 c - a potion of resistance {unknown}
 d - 3 potions of brilliance {unknown}
 g - 3 potions of haste {unknown}
 l - a potion of degeneration {unknown}
 r - a potion of berserk rage {unknown}
 s - a potion of lignification {unknown}
 t - a potion of attraction {unknown}


   Skills:
 + Level 1.0 Polearms
 - Level 2.1 Dodging
 - Level 2.0 Stealth
 * Level 3.7 Spellcasting
 * Level 6.3 Summonings


You had 5 spell levels left.
You knew the following spells:

 Your Spells              Type           Power      Damage    Failure   Level
a - Summon Small Mammal   Summ           100%       N/A       1%          1
b - Call Imp              Summ           52%        N/A       1%          2
c - Call Canine Familiar  Summ           26%        N/A       3%          3

Your spell library contained the following spells:

 Spells                   Type           Power      Damage    Failure   Level
 Summon Blazeheart Golem  Fire/Summ      14%        N/A       38%         4
 Summon Lightning Spire   Summ/Air       14%        N/A       38%         4
 Sigil of Binding         Hex            3%         N/A       41%         3
 Dimensional Bullseye     Hex/Tloc       1%         N/A       83%         4


Dungeon Overview and Level Annotations

Branches:
Dungeon (4/15)
 Temple: D:4-7

Altars:
Cheibriados
Hepliaklqana
Makhleb
Qazlal
Xom


Innate Abilities, Weirdness & Mutations

You have a beak for a mouth.
You have claws for feet.
You can magically evade attacks while moving or waiting.


Message History

The kobold shouts!
The black bear growls angrily.
The kobold throws a stone.
The stone hits you.
Casting: Call Canine Familiar (dangerous; 3% risk of failure)
Confirm with . or Enter, or press ? or * to list all spells.
A tiny devil pulls itself out of the air.
The black bear bites your cerulean imp.
The black bear barely misses your cerulean imp.
The black bear claws your cerulean imp.
The black bear bites your cerulean imp but does no damage.
The black bear closely misses your cerulean imp.
The black bear completely misses your cerulean imp.
Your cerulean imp completely misses the black bear.
You reach to attack!
You slash the black bear!
The black bear is moderately wounded.
The black bear bites your cerulean imp.
The black bear barely misses your cerulean imp.
The black bear closely misses your cerulean imp.
Your cerulean imp hits the black bear but does no damage.
You reach to attack!
You slash the black bear!
The black bear is severely wounded.
The black bear goes berserk!
Your cerulean imp barely misses the black bear.
You reach to attack!
You hit the black bear but do no damage.
The black bear is severely wounded.
The black bear bites your cerulean imp.
The black bear barely misses your cerulean imp.
The black bear claws your cerulean imp.
Your cerulean imp dies!
Your cerulean imp disappears in a puff of smoke!
The black bear barely misses you. The black bear claws you.
The black bear claws you!
You slash the black bear!
The black bear is almost dead.
The black bear bites you. The black bear claws you. x2
The black bear bites you!
* * * LOW HITPOINT WARNING * * *
The black bear claws you but does no damage.
The black bear claws you!
You die...

##### ###### #...#
.....#######...########
........<..............
.......#####..........#
.......########.#####.#
...............h@hK.#
.......########.###.#
####......# #.#
..........# #.#
####.###### #.# ......#
... ###.#.# ##. #.#.#
#.#.#


You could see a black bear (berserk, ally target), a kobold and a friendly
inugami (summoned).

Vanquished Creatures
  A ribbon worm (D:2)
  3 orcs (D:3)
  2 endoplasms (D:1)
  A giant cockroach (D:1)
  9 hobgoblins
  11 jackals
  2 quokkas
  4 ball pythons
  2 bats
  4 frilled lizards
  8 goblins
  5 kobolds
  6 rats
58 creatures vanquished.

Vanquished Creatures (collateral kills)
  A hound (D:4)
  Robin (D:4)
  A gnoll (D:2)
  An adder (D:2)
  A ribbon worm (D:2)
  4 goblins (D:4)
  3 hobgoblins
  4 jackals (D:1)
  2 kobolds (D:2)
  A quokka (D:2)
  A bat (D:2)
20 creatures vanquished.

Grand Total: 78 creatures vanquished

Notes
Turn   | Place    | Note
-------+----------+-------------------------------------------
     0 | D:1      | mopl the Tengu Summoner began the quest for the Orb.
     0 | D:1      | Reached XP level 1. HP: 10/10 MP: 4/4
    70 | D:1      | Reached skill level 5 in Summonings
    99 | D:1      | Reached XP level 2. HP: 13/15 MP: 6/6
   111 | D:1      | Learned a level 2 spell: Call Imp
   144 | D:1      | Found a faded altar of an unknown god.
   334 | D:1      | Reached XP level 3. HP: 13/19 MP: 7/7
   338 | D:1      | Learned a level 3 spell: Call Canine Familiar
   968 | D:2      | Reached XP level 4. HP: 24/24 MP: 6/9
  1177 | D:3      | Reached skill level 6 in Summonings
  1498 | D:3      | Found a shimmering altar of Xom.
  1500 | D:3      | Found a snail-covered altar of Cheibriados.
  1500 | D:3      | Found a burning altar of Makhleb.
  1501 | D:3      | Found a stormy altar of Qazlal.
  1501 | D:3      | Found a hazy altar of Hepliaklqana.
  1926 | D:4      | Noticed Robin
  1927 | D:4      | Noticed an ogre
  1943 | D:4      | Killed Robin
  1944 | D:4      | Reached XP level 5. HP: 23/28 MP: 6/11
  1949 | D:4      | Reached skill level 1 in Polearms
  2006 | D:4      | Noticed a black bear
  2013 | D:4      | Slain by a black bear

Illustrated notes

Levels and vault maps discovered:
D:1:      amcnicky_arrival_feature_with_door, layout_rooms,
          basic_ecumenical_altar, grunt_decor_resistance,
          kennysheep_flooded_box, minmay_misc_feat_encased, minmay_liquid_box,
          minivault_24
D:2:      layout_basic, dreamdust_princess_bridge, minmay_split_cup_small
D:3:      layout_loops_ring, grunt_temple_overflow_open
D:4:      layout_basic, uniq_robin

Skill      XL: |  1  2  3  4  5 |
---------------+----------------+-----
Summonings     | 5 6 |  6.3
Spellcasting   | 3 |  3.7
Polearms       | 1 |  1.0
Dodging        | |  2.1
Stealth        | |  2.0

Action                     |  1- 3 |  4- 6 || total
---------------------------+-------+-------++-------
  Melee: Unarmed           |   126 |       ||   126
         Kick              |    33 |    17 ||    50
         Peck              |    18 |     6 ||    24
         Punch             |     3 |       ||     3
         Dagger            |    16 |     6 ||    22
         Halberd           |       |    58 ||    58
   Cast: Call Imp          |     2 |     4 ||     6
         Call Canine Famil |     2 |     3 ||     5
    Use: Scroll            |       |     2 ||     2
   Stab: Sleeping          |     4 |     3 ||     7
 Armour: Robe              |    59 |    43 ||   102
  Dodge: Dodged            |    99 |    45 ||   144
